 Dungeon Crawl Stone Soup version 0.31-a0-988-g08d55dae12 (webtiles) character file.

Game seed: 6499136094410702050

128 BinkBink the Conjurer (level 4, 0/24 HPs)
             Began as a Deep Elf Conjurer on Nov 5, 2023.
             Shot with an arrow by a centaur (8 damage)
             ... on level 3 of the Dungeon.
             The game lasted 00:04:30 (3215 turns).

BinkBink the Conjurer (Deep Elf Conjurer)           Turns: 3215, Time: 00:04:31

Health: 0/24       AC:  2    Str:  4    XL:     4   Next: 86%
Magic:  11/12      EV: 18    Int: 25    God:
Gold:   147        SH:  0    Dex: 13    Spells: 7/11 levels left

rFire   . . .        l - +0 whip (vamp)
rCold   . . .        (no shield)
rNeg    . . .        a - +0 robe
rPois   .            (no helmet)
rElec   .            (no cloak)
rCorr   .            (no gloves)
SInv    .            (no boots)
Will    .....        (no amulet)
Stlth   ++           d - +5 ring of evasion
HPRegen 0.24/turn    g - ring of wizardry
MPRegen 0.13/turn

%: wizardry (x1)
@: no status effects
A: no striking features
a: no special abilities


You were on level 3 of the Dungeon.
You visited 1 branch of the dungeon, and saw 3 of its levels.

You collected 147 gold pieces.

Inventory:

Hand Weapons
 l - a +0 vampiric whip (weapon)
Armour
 a - a +0 robe (worn)
Jewellery
 d - a +5 ring of evasion (left hand)
 g - a ring of wizardry (right hand)
Scrolls
 e - a scroll of enchant weapon {unknown}
 f - 2 scrolls of amnesia {unknown}
 h - a scroll of identify {unknown}
 j - 2 scrolls of teleportation {unknown}
 n - a scroll of immolation {unknown}
 o - a scroll of brand weapon {unknown}
Potions
 b - a potion of magic
 c - a potion of mutation {unknown}
 i - 2 potions of attraction {unknown}
 k - 2 potions of invisibility {unknown}
 m - a potion of brilliance {unknown}


   Skills:
 + Level 3.5 Dodging
 + Level 3.8 Stealth
 + Level 4.2 Spellcasting
 + Level 5.0 Conjurations
 + Level 1.0 Air Magic


You had 7 spell levels left.
You knew the following spells:

 Your Spells              Type           Power      Damage    Failure   Level
a - Magic Dart            Conj           100%       1d8       1%          1
b - Swiftness             Air            10%        N/A       8%          3

Your spell library contained the following spells:

 Spells                   Type           Power      Damage    Failure   Level
 Searing Ray              Conj           60%        2d6       1%          2
 Dazzling Flash           Conj/Hex       34%        N/A       4%          3
 Ensorcelled Hibernation  Hex/Ice        10%        N/A       6%          2
 Passwall                 Tmut/Erth      4%         N/A       6%          2
 Fulminant Prism          Conj/Hex       8%         3d7       12%         4
 Iskenderun's Mystic Bla  Conj/Tloc      17%        2d5       12%         4


Dungeon Overview and Level Annotations

Branches:
Dungeon (3/15)

Altars:
Dithmenos

Annotations:
D:2 1 runed translucent door, Crazy Yiuf


Message History

Confirm with . or Enter, or press ? or * to list all spells.
Aiming: Magic Dart (safe; 1% risk of failure)
Press: ? - help, Shift-Dir - straight line, f/p - bat
Aim: a bat (moderately wounded, 100% to hit)
The magic dart hits the bat.
You kill the bat!
Casting: Magic Dart (safe; 1% risk of failure)
Confirm with . or Enter, or press ? or * to list all spells.
You can't see any susceptible monsters within range! (Use Z to cast anyway.) Unknown command.
Unknown command.
A bat is nearby!
Casting: Magic Dart (safe; 1% risk of failure)
Confirm with . or Enter, or press ? or * to list all spells.
Aiming: Magic Dart (safe; 1% risk of failure)
Press: ? - help, Shift-Dir - straight line, f - bat
Aim: a bat (wandering, hasn't noticed you, 100% to hit)
The magic dart hits the bat.
You kill the bat!
Your Air Magic skill increases to level 1!
You open the door.
There are monsters nearby!
You close the door.
You open the door.
The centaur shouts!
The centaur wields a +0 shortbow.
The centaur shoots an arrow.
The arrow hits you.
You close the door.
The centaur shoots an arrow.
The arrow completely misses you.
Casting: Magic Dart (safe; 1% risk of failure)
Confirm with . or Enter, or press ? or * to list all spells.
Aiming: Magic Dart (safe; 1% risk of failure)
Press: ? - help, Shift-Dir - straight line, f - centaur
Aim: a centaur, wielding a +0 shortbow (100% to hit)
The magic dart hits the centaur.
The centaur is lightly wounded.
The centaur shoots an arrow.
The arrow hits you!
Ouch! That really hurt!
The centaur shoots an arrow.
The arrow hits you!
You die...

#.........# #...#
#.#######.#######...### ###
#.# #.............# #.####.#
#.#...........# .......#
#...###.......# #.####.#
#.### #.#..>### #.# #.# #.#
#.#...# #.#
#.#######.#####÷##.## #.#
#..........@....##.# #.#
######c###########.#### #.#
#.# #.......# #.##### #+#
#.##.##.# ......# ...
#.##.##.# †.###.# .....
#.##.##.# b.# #†# .......
#..#..#.# ...
#b#..g......####...#.#.##
......'.........'...........#


You could see a centaur.

Vanquished Creatures
  A jelly (D:3)
  An adder (D:2)
  A worm (D:2)
  4 endoplasms
  3 giant cockroaches
  8 goblins
  7 hobgoblins
  14 kobolds
  6 quokkas
  3 ball pythons
  10 bats
  A frilled lizard (D:2)
  4 rats
63 creatures vanquished.

Notes
Turn   | Place    | Note
-------+----------+-------------------------------------------
     0 | D:1      | BinkBink the Deep Elf Conjurer began the quest for the Orb.
     0 | D:1      | Reached XP level 1. HP: 10/10 MP: 6/6
   212 | D:1      | Reached XP level 2. HP: 15/15 MP: 6/8
   790 | D:2      | Reached XP level 3. HP: 19/19 MP: 6/10
  1533 | D:2      | Found a runed translucent door.
  1534 | D:2      | Noticed Crazy Yiuf
  2085 | D:2      | Learned a level 3 spell: Swiftness
  2381 | D:3      | Reached skill level 5 in Conjurations
  2381 | D:3      | Reached XP level 4. HP: 24/24 MP: 3/12
  2464 | D:3      | Found a shadowy altar of Dithmenos.
  2725 | D:3      | Noticed a centaur
  3166 | D:3      | Reached skill level 1 in Air Magic
  3215 | D:3      | Shot with an arrow by a centaur

Illustrated notes

Levels and vault maps discovered:
D:1:      minmay_arrival_three_doors, layout_basic
D:2:      layout_loops_corners, due_unseen_surprise, uniq_crazy_yiuf_cottage
D:3:      layout_loops_corners, nicolae_dithmenos_through_a_glass_darkly

Skill      XL: |  1  2  3  4 |
---------------+-------------+-----
Stealth        | 3 |  3.8
Dodging        | 3 |  3.5
Spellcasting   | 4 |  4.2
Conjurations   | 5 |  5.0
Air Magic      | 1 |  1.0

Action                     |  1- 3 |  4- 6 || total
---------------------------+-------+-------++-------
   Cast: Magic Dart        |    93 |    24 ||   117
    Use: Scroll            |     1 |       ||     1
 Armour: Robe              |     3 |     4 ||     7
  Dodge: Dodged            |     1 |    11 ||    12

Table legend: (Time is in decaauts)
 A = Elapsed time spent in this place.
 B = Non-inter-level travel time spent in this place.
 C = Inter-level travel time spent in this place.
 D = Time resting spent in this place.
 E = Time spent auto-exploring this place.
 F = Levels seen in this place.
 G = Mean time per level.
                   A        B        C        D        E       F      G
               +--------+--------+--------+--------+--------+-----+--------+
         Total |   3213 |   3109 |    104 |    200 |   2581 |   3 | 1071.0 |
       Dungeon |   3213 |   3109 |    104 |    200 |   2581 |   3 | 1071.0 |
               +--------+--------+--------+--------+--------+-----+--------+

Top non-repeatable levels by time:
     D:2: 1422 daAuts
     D:3: 1058 daAuts
     D:1: 732 daAuts
